[Event "Titled Tuesday Blitz March 28 Late 2023"]
[White "Hajiyev, Kanan"]
[Black "Djokic, Mihailo"]
[WhiteFideId "13404148"]
[BlackFideId "976440"]
[WhiteElo "2103"]
[BlackElo "2294"]
[Result "0-1"]
[Round "10"]
[TimeControl "180+2"]
[Date "2023.03.28"]
[WhiteClock "0:00:12"]
[BlackClock "0:01:19"]

1. d4 Nf6 2. Nf3 g6 3. c4 Bg7 4. Nc3 O-O 5. g3 d6 6. Bg2 Nc6 7. O-O a6 8. b3 Rb8 9. Bb2 b5 10. cxb5 axb5 11. Rc1 b4 12. Na4 Bd7 13. Qc2 Rc8 14. Ne5 dxe5 15. Bxc6 exd4 16. Bxd4 Bxc6 17. Bxf6 Bxa4 18. Bxg7 Kxg7 19. bxa4 c5 20. Rfd1 Qa5 21. Rd5 Rfd8 22. Rxc5 Rxc5 23. Qxc5 Qxa4 24. Qxe7 Rd5 25. e4 Rd7 26. Qe5+ f6 27. Qe6 Rf7 28. h4 Qa3 29. Rc8 Qb2 30. Rb8 f5 31. e5 f4 32. Qe8 Qc1+ 33. Kh2 fxg3+ 34. fxg3 Rf2+ 35. Kh3 Qf1+ 36. Kg4 h5+ 37. Kg5 Rf5# 0-1


[Site "https://www.chess.com"]

[Event "Titled Tuesday Blitz March 28 Late 2023"]
[White "Piesik, Piotr"]
[Black "Karamsetty, Jeevan"]
[WhiteFideId "1136194"]
[BlackFideId "2025337"]
[WhiteElo "2311"]
[BlackElo "2111"]
[Result "1-0"]
[Round "10"]
[TimeControl "180+2"]
[Date "2023.03.28"]
[WhiteClock "0:01:32"]
[BlackClock "0:00:03"]

1. Nf3 g6 2. g3 Bg7 3. d4 d6 4. Bg2 Nf6 5. O-O O-O 6. Nbd2 Nbd7 7. e4 e5 8. dxe5 Nxe5 9. Nxe5 dxe5 10. Qe2 Qe7 11. b3 b6 12. a4 Rd8 13. Ba3 c5 14. Rfd1 h5 15. Bb2 h4 16. Qe1 h3 17. Bf3 Bg4 18. Bxg4 Nxg4 19. Nc4 Qe6 20. f3 Nh6 21. Rxd8+ Rxd8 22. Rd1 Rxd1 23. Qxd1 f6 24. Qd8+ Kh7 25. Qd6 Qe8 26. Bc1 Nf7 27. Qc7 Ng5 28. Bxg5 fxg5 29. Ne3 Qf8 30. Kf2 c4 31. Qxc4 Qa3 32. Qe6 Qc1 33. Qxh3+ Kg8 34. Qe6+ Kh7 35. Qd7 Qh1 36. Ng4 Qc1 37. Nf6+ Kh6 38. Qh3# 1-0


[Site "https://www.chess.com"]

[Event "Titled Tuesday Blitz March 28 Late 2023"]
[White "Toniutti, Ezio"]
[Black "Popov, Mikhail"]
[WhiteFideId "113034"]
[BlackFideId "4146182"]
[WhiteElo "2215"]
[BlackElo "2270"]
[Result "1-0"]
[Round "10"]
[TimeControl "180+2"]
[Date "2023.03.28"]
[WhiteClock "0:01:00"]
[BlackClock "0:00:05"]

1. d4 Nf6 2. c4 g6 3. Nc3 d5 4. Bg5 Ne4 5. Bh4 Nxc3 6. bxc3 dxc4 7. e3 Be6 8. Be2 Bg7 9. Nh3 Bxh3 10. gxh3 Qd7 11. Bg4 e6 12. Bf3 Nc6 13. Qa4 O-O 14. Rb1 Rab8 15. Qxc4 e5 16. Bg2 exd4 17. cxd4 Nxd4 18. exd4 Rfe8+ 19. Kf1 Bxd4 20. Rd1 c5 21. Qd5 Qa4 22. Bf3 Re5 23. Qb3 Qa6+ 24. Qd3 Qxd3+ 25. Rxd3 Re6 26. Bd5 Ra6 27. Rf3 Rf8 28. Be7 Kg7 29. Bxf8+ Kxf8 30. Rxf7+ Ke8 31. Rxb7 Rb6 32. Rxb6 1-0


[Site "https://www.chess.com"]

[Event "Titled Tuesday Blitz March 28 Late 2023"]
[White "Goroshkov, Maksym"]
[Black "Vovk, Orest"]
[WhiteFideId "14142716"]
[BlackFideId "14113490"]
[WhiteElo "2322"]
[BlackElo "2215"]
[Result "0-1"]
[Round "10"]
[TimeControl "180+2"]
[Date "2023.03.28"]
[WhiteClock "0:00:02"]
[BlackClock "0:00:05"]

1. b3 h5 2. Bb2 h4 3. e4 h3 4. Nxh3 d5 5. exd5 Bxh3 6. gxh3 Qxd5 7. Rg1 Qe4+ 8. Be2 Rxh3 9. Nc3 Qe6 10. d4 Rxh2 11. Qd2 g6 12. O-O-O Bh6 13. f4 Rf2 14. Bb5+ c6 15. Qxf2 cxb5 16. Kb1 b4 17. Rde1 Qf5 18. Ne4 Qxf4 19. Qe2 Nd7 20. Qc4 Nb6 21. Qb5+ Kf8 22. Qxb4 Qc7 23. Ref1 Nd5 24. Qe1 Ndf6 25. d5 Bg7 26. d6 Qd7 27. dxe7+ Qxe7 28. Rf4 Re8 29. Bxf6 Nxf6 30. Rxf6 Bxf6 31. Qf2 Kg7 32. Nxf6 Qxf6 33. Qxa7 b6 34. Rd1 Re2 35. Qc7 Rf2 36. Qc4 Rf4 37. Qd5 g5 38. a4 Rf1 0-1


[Site "https://www.chess.com"]

[Event "Titled Tuesday Blitz March 28 Late 2023"]
[White "Papayan, Oleg"]
[Black "Kavutskiy, Konstantin"]
[WhiteFideId "4193911"]
[BlackFideId "2026384"]
[WhiteElo "2153"]
[BlackElo "2369"]
[Result "0-1"]
[Round "10"]
[TimeControl "180+2"]
[Date "2023.03.28"]
[WhiteClock "0:00:01"]
[BlackClock "0:00:38"]

1. e4 c5 2. Nf3 Nc6 3. Bb5 g6 4. Bxc6 dxc6 5. d3 Qc7 6. Be3 e5 7. Nc3 Nf6 8. h3 Bd6 9. Bh6 Rg8 10. a4 a5 11. b3 Nd7 12. Qd2 f6 13. h4 Nf8 14. Be3 Ne6 15. h5 g5 16. Ne2 Nf4 17. Bxf4 exf4 18. Qc3 Kf7 19. O-O-O b5 20. d4 b4 21. Qc4+ Be6 22. d5 cxd5 23. exd5 Bf5 24. Kb1 Rge8 25. Nc1 Re4 26. Qb5 c4 27. Nd2 cxb3 28. Ncxb3 Qxc2+ 29. Kxc2 Rc4+ 30. Kb2 Rc2+ 31. Kb1 Rxd2+ 32. Kc1 Rc2+ 33. Kb1 Rxf2+ 34. Kc1 Rc8+ 0-1


[Site "https://www.chess.com"]

[Event "Titled Tuesday Blitz March 28 Late 2023"]
[White "Gold_Ocean"]
[Black "Estrada Nieto, Julian"]
[BlackFideId "5101018"]
[WhiteElo "2608"]
[BlackElo "2176"]
[Result "1-0"]
[Round "10"]
[TimeControl "180+2"]
[Date "2023.03.28"]
[WhiteClock "0:00:49"]
[BlackClock "0:00:35"]

1. d4 d5 2. Nf3 Nf6 3. Bf4 c5 4. e3 Nc6 5. Nbd2 cxd4 6. exd4 Qb6 7. Nb3 Bf5 8. c3 e6 9. Bd3 Bxd3 10. Qxd3 Be7 11. O-O O-O 12. Rfe1 a5 13. Nbd2 a4 14. Rab1 Qa6 15. Qc2 Rfc8 16. a3 Qb5 17. Rbc1 Nd7 18. Nf1 Na5 19. Ng3 Nc4 20. Re2 Bf8 21. h4 Qb3 22. Qxb3 axb3 23. Ne1 Nxb2 24. Rxb2 Bxa3 25. Rxb3 Bxc1 26. Bxc1 Ra1 27. Ne2 e5 28. dxe5 Nxe5 29. f3 Nd3 30. Nxd3 h6 31. Kf2 Ra2 32. Be3 Re8 33. Rxb7 f5 34. Nf4 g5 35. hxg5 hxg5 36. Nxd5 Rd8 37. Nf6+ Kf8 38. Bc5+ 1-0


[Site "https://www.chess.com"]

[Event "Titled Tuesday Blitz March 28 Late 2023"]
[White "Freitag, Manfred"]
[Black "WindWhistler11"]
[WhiteFideId "1602004"]
[WhiteElo "2275"]
[BlackElo "2477"]
[Result "1-0"]
[Round "10"]
[TimeControl "180+2"]
[Date "2023.03.28"]
[WhiteClock "0:01:12"]
[BlackClock "0:00:01"]

1. e4 e6 2. d4 d5 3. e5 c5 4. c3 Nc6 5. Nf3 Bd7 6. Bd3 cxd4 7. O-O dxc3 8. Nxc3 Bc5 9. Na4 Be7 10. Re1 Nh6 11. Nc3 a6 12. Bb1 Ng8 13. a3 Bc5 14. b4 Ba7 15. Ng5 Nh6 16. Nxh7 Qh4 17. Bg5 Qxf2+ 18. Kh1 Nf5 19. Rf1 Qd4 20. Bxf5 Qxc3 21. Bd3 Nxe5 22. Bc2 Ng6 23. Nf6+ gxf6 24. Bxf6 Qc7 25. Bxh8 Nxh8 26. Rc1 Bc6 27. a4 Bb8 28. Qh5 Qxh2+ 29. Qxh2 Bxh2 30. Kxh2 Ke7 31. Rb1 d4 32. b5 axb5 33. axb5 Bd5 34. Rfc1 Ra2 35. Bb3 Rxg2+ 36. Kh3 Rg5 37. Bxd5 Rxd5 38. Rc7+ Kf6 39. Rxb7 Ng6 40. b6 d3 41. Rc7 Nf4+ 42. Kg4 Rd4 43. Kf3 Nd5 44. Rd7 d2 45. b7 d1=Q+ 46. Rxd1 Rxd1 47. b8=Q Rd3+ 48. Kg2 Ne3+ 49. Kf3 Rxd7 50. Kxe3 Rd5 51. Qb2+ Kf5 52. Qg7 f6 53. Qh7+ Ke5 54. Qh2+ Kf5 55. Qh3+ Ke5 56. Qh5+ Kd6 57. Qf7 Re5+ 58. Kd4 Rd5+ 59. Kc4 Rf5 60. Qg6 Rf4+ 61. Kd3 e5 62. Ke3 1-0


[Site "https://www.chess.com"]

[Event "Titled Tuesday Blitz March 28 Late 2023"]
[White "Poliakova, Varvara"]
[Black "Romero Pallares, Daniel"]
[WhiteFideId "13518313"]
[BlackFideId "32025637"]
[WhiteElo "2075"]
[BlackElo "2195"]
[Result "1-0"]
[Round "10"]
[TimeControl "180+2"]
[Date "2023.03.28"]
[WhiteClock "0:01:08"]
[BlackClock "0:00:01"]

1. e4 g6 2. d4 Bg7 3. f4 d5 4. e5 c5 5. c3 cxd4 6. cxd4 Nc6 7. Nf3 Bg4 8. Nc3 Nh6 9. Bb5 O-O 10. Bxc6 bxc6 11. O-O f6 12. Be3 Nf5 13. Bf2 Bxf3 14. Qxf3 fxe5 15. dxe5 e6 16. Rac1 Ne7 17. Na4 Bxe5 18. Qh3 Bg7 19. Qxe6+ Kh8 20. Bh4 Re8 21. Rfe1 Qa5 22. Nc5 Ng8 23. Qxe8 Rxe8 24. Rxe8 Qd2 25. Nb3 Qxf4 26. Bf2 Bxb2 27. Rce1 Bg7 28. Rc8 Qf5 29. Ree8 Qb1+ 30. Be1 Bf8 31. Kf2 Qf5+ 32. Kg1 Qb1 33. Kf2 Qf5+ 34. Ke2 Nf6 35. Rxf8+ Kg7 36. Kd1 Qd3+ 37. Bd2 Ne4 38. Rg8+ Kf7 39. Rcf8+ Ke7 40. Re8+ Kd7 41. Rd8+ Ke7 42. Rge8+ Kf7 43. Kc1 c5 44. Rf8+ Ke6 45. Rde8+ Kd7 46. Rxe4 Kc6 47. Re6+ Kb5 48. a4+ Kc4 49. Rf4+ Kxb3 50. Rf3 c4 51. Rxd3+ 1-0


[Site "https://www.chess.com"]

[Event "Titled Tuesday Blitz March 28 Late 2023"]
[White "Kielinkei"]
[Black "Janaszak, Dawid"]
[BlackFideId "1119206"]
[WhiteElo "2426"]
[BlackElo "2220"]
[Result "1/2-1/2"]
[Round "10"]
[TimeControl "180+2"]
[Date "2023.03.28"]
[WhiteClock "0:00:18"]
[BlackClock "0:00:53"]

1. e4 c5 2. a3 d5 3. exd5 Qxd5 4. Nc3 Qd8 5. Nf3 Nf6 6. Bb5+ Bd7 7. Bxd7+ Nbxd7 8. d4 cxd4 9. Qxd4 e6 10. O-O Bc5 11. Qd3 O-O 12. h3 h6 13. Bf4 Rc8 14. Bd6 Re8 15. Bxc5 Nxc5 16. Qxd8 Rexd8 17. Rfd1 Kf8 18. Rxd8+ Rxd8 19. Rd1 Rc8 20. Nd4 Ke7 21. Kf1 a6 22. Ke2 b5 23. Nf3 Ncd7 24. Rd4 g5 25. Nd2 Nb6 26. g3 Nfd5 27. Nxd5+ Nxd5 28. c3 f5 29. c4 bxc4 30. Rxc4 Rb8 31. b4 h5 32. Nb3 f4 33. Rc6 Rb6 34. Rxb6 Nxb6 35. Nc5 fxg3 36. fxg3 Nc4 37. a4 a5 38. b5 Kd6 39. Ne4+ Ke5 40. Nxg5 Nb6 41. Nf3+ Kd5 42. g4 hxg4 43. hxg4 Nxa4 44. g5 Kd6 45. g6 Ke7 46. Nd4 Kf6 47. g7 Kxg7 48. Nxe6+ Kf6 49. Nd4 Nb6 50. Kd3 a4 51. Kc3 Ke7 52. Kb4 Kd6 53. Nf5+ Kc7 54. Ne3 Kd6 55. Nc4+ Nxc4 56. Kxc4 a3 57. Kb3 Kc5 58. b6 Kxb6 59. Kxa3 1/2-1/2


[Site "https://www.chess.com"]

[Event "Titled Tuesday Blitz March 28 Late 2023"]
[White "Gerbelli Neto, Eduardo"]
[Black "Bilan, Danila"]
[WhiteFideId "2103281"]
[BlackFideId "24161918"]
[WhiteElo "2178"]
[BlackElo "2182"]
[Result "1-0"]
[Round "10"]
[TimeControl "180+2"]
[Date "2023.03.28"]
[WhiteClock "0:00:07"]
[BlackClock "0:00:02"]

1. e4 c6 2. d4 d5 3. exd5 cxd5 4. c4 Nf6 5. Nc3 Nc6 6. Nf3 Bg4 7. cxd5 Nxd5 8. Qb3 Bxf3 9. gxf3 e6 10. Qxb7 Nxd4 11. Bb5+ Nxb5 12. Qc6+ Ke7 13. Qxb5 Qd7 14. Nxd5+ Qxd5 15. Bg5+ f6 16. Qxd5 exd5 17. Be3 Ke6 18. O-O-O Bb4 19. a3 Rac8+ 20. Kb1 Bc5 21. Rhe1 Bxe3 22. Rxe3+ Kd6 23. Rde1 Rc7 24. Re6+ Kd7 25. Re7+ Kc8 26. Rxc7+ Kxc7 27. Re7+ Kd6 28. Rxg7 a5 29. Kc2 Re8 30. Kd3 Rb8 31. Rxh7 Rxb2 32. h4 Rxf2 33. Ke3 Ra2 34. h5 Rxa3+ 35. Kf4 Ke6 36. Ra7 Ra4+ 37. Kg3 Ra1 38. h6 Rh1 39. h7 a4 40. Kf4 a3 41. Ra6+ Kf7 42. Rxa3 Rxh7 43. Ra7+ Kg6 44. Ra5 Rh4+ 45. Ke3 d4+ 46. Kd3 Rf4 47. Ke2 f5 48. Ra8 Kg5 49. Rg8+ Kh4 50. Rh8+ Kg3 51. Rg8+ Kh3 52. Rh8+ Rh4 53. Rf8 f4 54. Rd8 Kg3 55. Rg8+ Kh2 56. Kf2 Kh3 57. Rg1 Kh2 58. Rd1 Rh6 59. Rxd4 Rf6 60. Rd8 Rh6 61. Rf8 Rh4 62. Rf5 Kh1 63. Rg5 Rh2+ 64. Kf1 Rh3 65. Ke2 Rh2+ 66. Kd3 Rg2 67. Rh5+ Rh2 68. Rf5 Kg2 69. Ke4 Rh4 70. Rxf4 Rh7 71. Rg4+ Kf2 72. f4 Re7+ 73. Kf5 Ke3 74. Rg3+ Kd4 75. Rg6 Ke3 76. Rf6 Re4 77. Kg5 Kf3 78. Rf8 Kg3 79. f5 Rg4+ 80. Kf6 Kf4 81. Ke6 Rh4 82. f6 Rh6 83. Ra8 Kg5 84. Rf8 Kg6 85. Rg8+ Kh7 86. Rg2 Rh4 87. f7 Re4+ 88. Kf5 Re1 89. Kf6 Rf1+ 90. Ke7 Re1+ 91. Kf8 Rf1 92. Rh2+ Kg6 93. Rg2+ Kh7 94. Rg8 Re1 95. Rg7+ Kh8 96. Rg5 Kh7 97. Rf5 Kg6 98. Rf2 Kh7 99. Rh2+ Kg6 100. Kg8 Re7 101. f8=Q Re8 1-0


[Site "https://www.chess.com"]

[Event "Titled Tuesday Blitz March 28 Late 2023"]
[White "Mendez Fortes, Eduardo Jesus"]
[Black "Rose, Felix"]
[WhiteFideId "3502376"]
[BlackFideId "5105722"]
[WhiteElo "2307"]
[BlackElo "2039"]
[Result "1-0"]
[Round "10"]
[TimeControl "180+2"]
[Date "2023.03.28"]
[WhiteClock "0:01:04"]
[BlackClock "0:00:09"]

1. e4 c5 2. Nf3 g6 3. d4 cxd4 4. Nxd4 Nc6 5. c4 Nf6 6. Nc3 d6 7. Be2 Nxd4 8. Qxd4 Bg7 9. Be3 O-O 10. Qd2 Be6 11. Rc1 Qa5 12. b3 Rfc8 13. h4 a6 14. Nd5 Qxd2+ 15. Kxd2 Nxe4+ 16. Kd3 Bxd5 17. cxd5 Nc3 18. Bg4 f5 19. Bf3 Nxa2 20. Rxc8+ Rxc8 21. Bd2 Kf7 22. g4 Rc7 23. h5 Nc3 24. hxg6+ hxg6 25. gxf5 gxf5 26. Bh5+ Kf8 27. Bf3 Rc5 28. b4 Rc7 29. Rh5 Nb1 30. Rxf5+ Ke8 31. Bh5+ Kd8 32. Bg5 Rc3+ 33. Ke2 Rb3 34. Rf7 Bf6 35. Be3 Rxb4 36. Rf8+ Kc7 37. Bg4 Nc3+ 38. Kd3 b5 39. Be6 Kb7 40. Bd7 Nxd5 41. Bc8+ Kc7 42. Bd2 Rb3+ 43. Kc2 Rb2+ 44. Kc1 Nb4 45. Bf5 Na2+ 46. Kd1 a5 47. Bxa5+ Kc6 48. Be4+ d5 49. Bf3 b4 50. Rb8 Nc3+ 51. Ke1 Rb1+ 52. Kd2 Rb2+ 53. Ke3 Kc5 54. Bg2 Bg5+ 55. Kf3 Ne4 56. Bb6+ Kd6 57. Bd4 e5 58. Bxb2 Nd2+ 59. Kg4 b3 60. Kxg5 e4 61. Kf6 d4 62. Bxd4 1-0


[Site "https://www.chess.com"]

[Event "Titled Tuesday Blitz March 28 Late 2023"]
[White "Gokerkan, Cem Kaan"]
[Black "Fernandez Sanchez, Mario Andres"]
[WhiteFideId "6336760"]
[BlackFideId "6501621"]
[WhiteElo "2365"]
[BlackElo "2050"]
[Result "1-0"]
[Round "10"]
[TimeControl "180+2"]
[Date "2023.03.28"]
[WhiteClock "0:00:05"]
[BlackClock "0:00:23"]

1. f3 d5 2. Nh3 Nf6 3. Nf2 g6 4. g3 Bg7 5. Bg2 O-O 6. e3 e5 7. O-O c6 8. d3 Nbd7 9. Nd2 a5 10. f4 Qe7 11. a4 Re8 12. Nf3 h5 13. Bd2 Ng4 14. Nxg4 hxg4 15. Nxe5 Nxe5 16. fxe5 Qxe5 17. Kh1 Qxb2 18. Rb1 Qa3 19. Rf4 Bh6 20. Rf2 Bxe3 21. Re2 d4 22. Qe1 Qxa4 23. Bxe3 dxe3 24. Rxe3 Rxe3 25. Qxe3 Be6 26. c4 b5 27. cxb5 cxb5 28. Bxa8 b4 29. d4 Qa2 30. Re1 a4 31. d5 Bxd5+ 32. Bxd5 Qxd5+ 33. Qe4 Qd2 34. Rf1 Qd7 35. Qxb4 Kh7 36. Qc4 Kg7 37. Kg1 a3 38. Qc3+ Kh6 39. Qxa3 Qd4+ 40. Kg2 Qe4+ 41. Kf2 f5 42. Qe3+ Qxe3+ 43. Kxe3 Kh5 44. Kf4 Kh6 45. Re1 Kh5 46. Re8 Kh6 47. Ra8 1-0


[Site "https://www.chess.com"]

[Event "Titled Tuesday Blitz March 28 Late 2023"]
[White "Graif, William"]
[Black "Oro, Faustino"]
[WhiteFideId "2609835"]
[BlackFideId "20000197"]
[WhiteElo "2205"]
[BlackElo "1984"]
[Result "0-1"]
[Round "10"]
[TimeControl "180+2"]
[Date "2023.03.28"]
[WhiteClock "0:00:01"]
[BlackClock "0:00:15"]

1. e4 e5 2. Nf3 Nc6 3. d4 exd4 4. c3 d5 5. Bd3 Bg4 6. O-O Be7 7. Re1 Nf6 8. e5 Nd7 9. Bb5 O-O 10. Bxc6 bxc6 11. cxd4 c5 12. dxc5 Nxc5 13. Nc3 c6 14. h3 Bh5 15. Be3 Ne6 16. g4 Bg6 17. Nd4 Qd7 18. Rc1 c5 19. Nxe6 fxe6 20. Ne2 d4 21. Bf4 Qb5 22. b3 Rad8 23. Bg3 Bg5 24. f4 Be7 25. Qd2 Qb6 26. Kh2 Be4 27. Ng1 Ba8 28. Rf1 Be4 29. Rce1 Qb7 30. Qe2 Bg6 31. Nf3 Qd5 32. Ng5 d3 33. Qd2 h6 34. Nf3 c4 35. bxc4 Qxc4 36. Rc1 Qa4 37. Rc7 Bb4 38. Qf2 d2 39. Rxa7 d1=Q 40. Rxd1 Qxd1 41. Nh4 Rd2 0-1


[Site "https://www.chess.com"]

[Event "Titled Tuesday Blitz March 28 Late 2023"]
[White "Pires, Marcos Vinicius Torsani"]
[Black "Lewtak, Damian"]
[WhiteFideId "2118939"]
[BlackFideId "1141724"]
[WhiteElo "2273"]
[BlackElo "2302"]
[Result "0-1"]
[Round "10"]
[TimeControl "180+2"]
[Date "2023.03.28"]
[WhiteClock "0:00:01"]
[BlackClock "0:00:24"]

1. d4 g6 2. Bf4 Bg7 3. Nc3 d6 4. Qd2 c6 5. h4 e5 6. dxe5 dxe5 7. Qxd8+ Kxd8 8. O-O-O+ Ke8 9. Be3 h5 10. g3 Bh6 11. Bxh6 Nxh6 12. Nf3 f6 13. Ne4 Ke7 14. Nd6 Na6 15. Nxc8+ Raxc8 16. Bh3 Rcd8 17. c3 Nc5 18. Nd2 Ng4 19. Bxg4 hxg4 20. b4 Na4 21. Kc2 Nb6 22. Ne4 Nd5 23. a3 b5 24. Kb3 Nb6 25. Nc5 f5 26. a4 Rxd1 27. Rxd1 Rd8 28. Rxd8 Kxd8 29. axb5 cxb5 30. Kc2 Ke7 31. Kd3 Kd6 32. e4 f4 33. Nb7+ Ke7 34. Na5 Kd7 35. Nb7 Kc6 36. Nd8+ Kd7 37. Nf7 Ke6 38. Nd8+ Kf6 39. Nc6 Nc8 40. c4 Nd6 41. cxb5 Nxb5 42. Kc4 a6 43. Nb8 Nc7 44. Kc5 Ne6+ 45. Kb6 Nd4 46. Kxa6 Ne2 47. b5 Nxg3 48. fxg3 f3 49. Nd7+ Kg7 0-1


[Site "https://www.chess.com"]

[Event "Titled Tuesday Blitz March 28 Late 2023"]
[White "koncheto"]
[Black "Koksal, Ege"]
[BlackFideId "6317626"]
[WhiteElo "2479"]
[BlackElo "2226"]
[Result "1-0"]
[Round "10"]
[TimeControl "180+2"]
[Date "2023.03.28"]
[WhiteClock "0:00:04"]
[BlackClock "0:00:10"]

1. e4 c6 2. d4 d5 3. Nc3 g6 4. Nf3 Bg7 5. h3 e6 6. Bd3 b6 7. Qe2 a5 8. Be3 Ba6 9. O-O Ne7 10. Rad1 O-O 11. Rfe1 Bxd3 12. Qxd3 Nd7 13. Ne2 Rc8 14. c3 c5 15. exd5 c4 16. Qe4 Nxd5 17. Nf4 N7f6 18. Qc2 b5 19. Ne5 Qc7 20. h4 Nxe3 21. Rxe3 Rfd8 22. Rg3 Nd5 23. Nh3 Bxe5 24. dxe5 Qxe5 25. Rd4 Nf6 26. Rf4 Qe1+ 27. Kh2 Rd1 28. Rg5 Nd5 29. Rf3 Ne7 30. h5 Nf5 31. Rfxf5 exf5 32. Qxf5 Qh1+ 33. Kg3 Rd3+ 34. f3 Qe1+ 35. Kh2 Qe6 36. Qxb5 Qd6+ 37. f4 Rxh3+ 38. Kxh3 Qxf4 39. hxg6 hxg6 40. Qxa5 Re8 41. Rg3 Re5 42. Qd8+ Kg7 43. Qd4 Qf6 44. Kh2 Rh5+ 45. Kg1 Re5 46. Re3 Rxe3 47. Qxe3 Qc6 48. Qd4+ Kg8 49. a3 Qa4 50. Qc5 Qb3 51. Qb4 Qd1+ 52. Kf2 Qd2+ 53. Kf3 Qd3+ 54. Kf2 f5 55. Qb8+ Kg7 56. a4 g5 57. Qe5+ Kg6 58. a5 f4 59. Qd4 Qc2+ 60. Kg1 Qb1+ 61. Kh2 Qxb2 62. Qb6+ Kh5 63. Qxb2 1-0


[Site "https://www.chess.com"]

[Event "Titled Tuesday Blitz March 28 Late 2023"]
[White "ArtemDyachuk"]
[Black "Spata, German"]
[BlackFideId "113026"]
[WhiteElo "2409"]
[BlackElo "2238"]
[Result "0-1"]
[Round "10"]
[TimeControl "180+2"]
[Date "2023.03.28"]
[WhiteClock "0:00:01"]
[BlackClock "0:00:25"]

1. Nf3 g6 2. d4 Bg7 3. e4 d6 4. Nc3 Nf6 5. Bc4 O-O 6. Qe2 c6 7. e5 Nd5 8. Nxd5 cxd5 9. Bd3 Bg4 10. h4 Nc6 11. exd6 Qxd6 12. c3 e5 13. dxe5 Nxe5 14. Bc2 Rfe8 15. Be3 Nc4 16. h5 Nxe3 17. fxe3 Qg3+ 18. Kf1 Bxh5 19. Rd1 Bh6 20. Rh3 Qg4 21. Rd4 Qe6 22. Qd3 Bxe3 23. Rxh5 Bxd4 24. Qxd4 Qe2+ 25. Kg1 Qxc2 26. Rh6 Qc1+ 0-1


[Site "https://www.chess.com"]

[Event "Titled Tuesday Blitz March 28 Late 2023"]
[White "Senthilkumar, Pranav"]
[Black "Fiorito, Francisco"]
[WhiteFideId "2083477"]
[BlackFideId "180165"]
[WhiteElo "1860"]
[BlackElo "2341"]
[Result "1-0"]
[Round "10"]
[TimeControl "180+2"]
[Date "2023.03.28"]
[WhiteClock "0:01:56"]
[BlackClock "0:01:43"]

1. Nf3 Nf6 2. d4 g6 3. Bg5 Bg7 4. Nbd2 d5 5. e3 c6 6. Be2 h6 7. Bf4 Bf5 8. h3 O-O 9. O-O Re8 10. Ne5 Nbd7 11. c4 Ne4 12. Nxe4 Bxe4 13. Nxd7 Qxd7 14. Bd3 Bxd3 15. Qxd3 Rad8 16. Rfd1 Kh7 17. Bg3 Qe6 18. Rac1 Kg8 19. Qa3 a6 20. Qb4 Qd7 21. cxd5 cxd5 22. Rc7 Qf5 23. Rxb7 e6 24. Rc1 Rc8 25. Rbc7 Rxc7 26. Rxc7 Qb1+ 27. Kh2 Qxa2 28. Qb7 Rf8 29. Bd6 Qa4 30. Bxf8 Bxf8 31. Rxf7 Qc2 32. Rf3 Bg7 33. Qf7+ Kh7 34. Qxe6 Qxb2 35. Qxa6 Qb8+ 36. g3 Qe8 37. Qb7 Qg8 38. Rf7 h5 39. Kg2 Kh6 40. Rxg7 Qxg7 41. Qxg7+ Kxg7 42. Kf3 Kf6 43. e4 Ke6 44. e5 Kf5 45. g4+ hxg4+ 46. hxg4+ Kg5 47. Kg3 Kh6 48. f4 Kg7 49. f5 g5 50. Kf3 Kf7 51. Ke3 Ke7 52. Kd3 Kf7 53. Kc3 Ke7 54. Kb4 Ke8 55. Kc5 Kd7 56. f6 Ke6 57. Kc6 Kf7 58. Kd7 Kf8 59. Ke6 Kg8 60. Ke7 Kh8 61. f7 Kh7 62. f8=Q Kg6 63. Qf7+ Kh6 64. Qf6+ Kh7 65. Qxg5 Kh8 66. Kf7 Kh7 67. Qg7# 1-0


[Site "https://www.chess.com"]

[Event "Titled Tuesday Blitz March 28 Late 2023"]
[White "Cori T., Deysi"]
[Black "ArturoCaceres"]
[WhiteFideId "3801934"]
[WhiteElo "2292"]
[BlackElo "2401"]
[Result "1-0"]
[Round "10"]
[TimeControl "180+2"]
[Date "2023.03.28"]
[WhiteClock "0:00:52"]
[BlackClock "0:00:03"]

1. b3 d5 2. Bb2 f6 3. d4 Bf5 4. Nd2 e6 5. e3 c6 6. Bd3 Nd7 7. Qh5+ g6 8. Qe2 Bxd3 9. cxd3 a5 10. a4 Ne7 11. h4 h5 12. Nh3 Kf7 13. g4 hxg4 14. Qxg4 Bg7 15. Nf4 f5 16. Qg3 Qb6 17. Ba3 c5 18. Rc1 Rac8 19. Ke2 e5 20. dxe5 Nxe5 21. h5 g5 22. Qxg5 Bf6 23. Qg2 Rhg8 24. Qh3 c4 25. bxc4 dxc4 26. dxc4 Ng4 27. Bxe7 Bxe7 28. Nd5 Qd6 29. Qf3 Qe5 30. Rb1 Nf6 31. Rxb7 Nxd5 32. Qxd5+ Qxd5 33. cxd5 Kf6 34. Rb6+ Kf7 35. d6 Bd8 36. Rb7+ Ke6 37. Rd1 Rc2 38. Kd3 Ra2 39. Nb3 Ra3 40. Kc4 Rg4+ 41. f4 Rxa4+ 42. Kc5 Ra3 43. Nd4+ Kf6 44. Rb8 Rc3+ 45. Kd5 Rg8 46. Nc6 Rxe3 47. Rxd8 Rg4 48. Rf8+ Kg7 49. Rxf5 a4 50. d7 a3 51. d8=Q Kh7 52. Rf7+ Rg7 53. Rxg7+ Kxg7 54. Rg1+ Kf7 55. Qg8+ 1-0


[Site "https://www.chess.com"]

[Event "Titled Tuesday Blitz March 28 Late 2023"]
[White "Jocev, Milan"]
[Black "Fan_Of_Chucky"]
[WhiteFideId "900680"]
[WhiteElo "2323"]
[BlackElo "2399"]
[Result "1-0"]
[Round "10"]
[TimeControl "180+2"]
[Date "2023.03.28"]
[WhiteClock "0:00:15"]
[BlackClock "0:00:04"]

1. e4 c5 2. Nf3 a6 3. c3 d5 4. exd5 Qxd5 5. d4 Nf6 6. Be2 cxd4 7. cxd4 e6 8. Nc3 Qd8 9. O-O Nc6 10. Bd3 Be7 11. Re1 O-O 12. a3 b5 13. Bg5 h6 14. Bh4 Bb7 15. Bc2 b4 16. Na4 Rc8 17. Qd3 Nxd4 18. Nxd4 Rxc2 19. Qxc2 Qxd4 20. Bg3 Rc8 21. Rad1 Rxc2 22. Rxd4 bxa3 23. bxa3 Bxa3 24. h3 Bd5 25. Rb1 Rc1+ 26. Rxc1 Bxc1 27. Nb6 Bb7 28. Be5 Nd5 29. Nxd5 Bxd5 30. Ra4 Bb7 31. Rb4 Bd5 32. Rb6 Bc4 33. Rb8+ Kh7 34. Rb7 Kg6 35. Ra7 Bb5 36. Bc3 Bf4 37. g3 Bg5 38. h4 Bf6 39. Bxf6 Kxf6 40. Kg2 g5 41. hxg5+ hxg5 42. f3 Kg6 43. Kf2 f5 44. Ke3 Kf6 45. Rb7 Ke5 46. Rb6 Kf6 47. f4 gxf4+ 48. gxf4 Bc4 49. Kd4 Bb5 50. Rb7 Bc6 51. Ra7 Bb5 52. Rb7 Bc6 53. Rc7 Bb5 54. Rc5 Be2 55. Rc2 Bb5 56. Ra2 Kg6 57. Ke5 Bc4 58. Rc2 Bd5 59. Rc5 Kh5 60. Ra5 Bc4 61. Ra4 Bb5 62. Rb4 Bd7 63. Rb7 Bb5 64. Kxe6 Kg4 65. Ke5 Bd3 66. Rg7+ Kf3 67. Rd7 Be4 68. Rd4 Kg4 69. Ra4 Bd3 70. Ra5 Bb5 71. Ra3 Bc4 72. Rc3 Bb5 73. Rc7 Bd3 74. Rd7 Be4 75. Rd4 Bc6 76. Rd1 Bb5 77. Rg1+ Kf3 78. Kxf5 a5 79. Ra1 a4 80. Ke5 Kg4 81. f5 Kg5 82. f6 Kg6 83. Rg1+ Kf7 84. Rg7+ Kf8 85. Ra7 Be8 86. Ke6 Kg8 87. Ra8 Kf8 88. f7 1-0


[Site "https://www.chess.com"]

[Event "Titled Tuesday Blitz March 28 Late 2023"]
[White "Itkis, Boris"]
[Black "Remolar Gallen, Jose"]
[WhiteFideId "1209167"]
[BlackFideId "2215187"]
[WhiteElo "2216"]
[BlackElo "2223"]
[Result "1-0"]
[Round "10"]
[TimeControl "180+2"]
[Date "2023.03.28"]
[WhiteClock "0:01:02"]
[BlackClock "0:00:01"]

1. c4 c5 2. Nf3 Nf6 3. Nc3 Nc6 4. e3 e6 5. d4 cxd4 6. Nxd4 Bb4 7. Bd2 O-O 8. Nxc6 bxc6 9. a3 Be7 10. Bd3 d5 11. O-O e5 12. cxd5 cxd5 13. Rc1 Be6 14. Nb5 Qb6 15. Nc7 Rac8 16. Nxe6 fxe6 17. b4 e4 18. Be2 Bd6 19. Qa4 Bb8 20. g3 h5 21. Bc3 h4 22. Bd4 Qd6 23. Qa6 Rxc1 24. Rxc1 hxg3 25. hxg3 Qxa6 26. Bxa6 Kf7 27. Be2 Rd8 28. Rc6 e5 29. Bc5 d4 30. a4 d3 31. Bd1 Nd7 32. Bb3+ Ke8 33. Re6+ Kf7 34. Rh6+ Ke8 35. Rh8+ Nf8 36. Rxf8+ Kd7 37. Be6+ 1-0


[Site "https://www.chess.com"]

[Event "Titled Tuesday Blitz March 28 Late 2023"]
[White "Bogaudinov, Rushan"]
[Black "Romkachess"]
[WhiteFideId "4129288"]
[WhiteElo "1949"]
[BlackElo "2515"]
[Result "1-0"]
[Round "10"]
[TimeControl "180+2"]
[Date "2023.03.28"]
[WhiteClock "0:00:10"]
[BlackClock "0:00:01"]

1. d4 Nf6 2. g3 e6 3. Bg2 d5 4. Nf3 Be7 5. O-O O-O 6. b3 Nbd7 7. Bb2 c5 8. e3 b6 9. Ne5 Bb7 10. Nd2 Rc8 11. c4 cxd4 12. Bxd4 Nxe5 13. Bxe5 Nd7 14. Bb2 Bf6 15. Bxf6 Nxf6 16. Rc1 Qe7 17. Qe2 dxc4 18. Bxb7 Qxb7 19. Nxc4 Qe7 20. Qf3 Rc7 21. Ne5 Rfc8 22. Rxc7 Rxc7 23. Rd1 Qe8 24. g4 h6 25. h4 Nd5 26. g5 hxg5 27. hxg5 Qe7 28. Qg4 Qb4 29. Qxb4 Nxb4 30. a3 Nd5 31. g6 fxg6 32. Nf3 Rc3 33. Ng5 Rxb3 34. e4 Rxa3 35. exd5 exd5 36. Rxd5 Kf8 37. Rd7 Ra5 38. f4 Rf5 39. Rxa7 1-0


[Site "https://www.chess.com"]